 Dungeon Crawl Stone Soup version 0.29-a0-194-g6e3aafee17 (webtiles) character file.

Game seed: 1379553607242172472

40 fragbeetle the Shooter (level 3, -3/30 HPs)
             Began as a Minotaur Hunter on Feb 23, 2022.
             Slain by a black bear (8 damage)
             ... on level 3 of the Dungeon.
             The game lasted 00:02:23 (1052 turns).

fragbeetle the Shooter (Minotaur Hunter)            Turns: 1052, Time: 00:02:25

Health: -3/30      AC:  3    Str: 16    XL:     3   Next: 30%
Magic:  2/2        EV: 12    Int:  8    God:
Gold:   81         SH:  0    Dex: 12    Spells: 2/2 levels left

rFire   . . .      SeeInvis .   a - +1 shortbow
rCold   . . .      Faith    .   (shield currently unavailable)
rNeg    . . .      Spirit   .   b - +0 leather armour
rPois   .          Reflect  .   (helmet restricted)
rElec   .          Harm     .   (no cloak)
rCorr   .          Rampage  .   (no gloves)
Will    .....                   (no boots)
Stlth   +.........              (no amulet)
HPRegen 0.10/turn               (no ring)
MPRegen 0.08/turn               (no ring)

@: no status effects
A: horns 2, retaliatory headbutt
a: no special abilities


You were on level 3 of the Dungeon.
You visited 1 branch of the dungeon, and saw 3 of its levels.

You collected 81 gold pieces.

Inventory:

Hand Weapons
 a - a +1 shortbow (weapon)
 e - a +0 spear
 f - a +1 vorpal mace
Armour
 b - a +0 leather armour (worn)
 j - a +0 pair of boots
Scrolls
 c - a scroll of teleportation {unknown}
 h - 3 scrolls of noise {unknown}
 i - a scroll of identify {unknown}
Potions
 d - a potion of curing {unknown}
 g - a potion of lignification {unknown}
 k - a potion of attraction {unknown}
 l - a potion of heal wounds {unknown}


   Skills:
 - Level 2.4 Fighting
 + Level 5.7 Bows
 - Level 2.1 Dodging
 - Level 0.7 Stealth


You had 2 spell levels left.
You didn't know any spells.
Your spell library was empty.

Dungeon Overview and Level Annotations

Branches:
Dungeon (3/15)

Altars:

Annotations:
D:2 Sigmund


Innate Abilities, Weirdness & Mutations

You have a pair of horns on your head.
You reflexively headbutt those who attack you in melee.


Message History

You shoot an arrow. The arrow hits the black bear.
The black bear is lightly wounded.
The black bear barely misses you. The black bear claws you.
The black bear claws you but does no damage.
You shoot an arrow. The arrow hits the black bear!
The black bear is heavily wounded.
The black bear barely misses you.
The black bear claws you but does no damage.
The black bear claws you.
You shoot an arrow. The arrow hits the black bear.
The black bear is severely wounded.
The black bear bites you. The black bear closely misses you.
The black bear barely misses you.
You shoot an arrow. The arrow hits the black bear.
The black bear is almost dead.
The black bear goes berserk!
The black bear misses you. The black bear barely misses you.
The black bear claws you.
You are too injured to fight recklessly!
You are too injured to fight recklessly!
You are too injured to fight recklessly!
You are too injured to fight recklessly!
You are too injured to fight recklessly!
Sorry, you're not good enough to have a special ability.
Shoot: a) +1 shortbow
Press: ? - help, Shift-Dir - straight line, f/p - black bear
Aim: a black bear (almost dead, berserk)
You shoot an arrow. The arrow hits the black bear!
The black bear is almost dead.
The black bear bites you. The black bear claws you.
* * * LOW HITPOINT WARNING * * *
The black bear claws you.
* * * LOW HITPOINT WARNING * * *
Shoot: a) +1 shortbow
Press: ? - help, Shift-Dir - straight line, f/p - black bear
Aim: a black bear (almost dead, berserk)
You shoot an arrow.
The arrow hits the black bear but does no damage.
The black bear is almost dead.
The black bear bites you!
You die...

.. #....# #.
..#....######.
..#....).....
#.##.#####...
#.#...# #...
##.....####...
......#<.....##..
#######.#......####
#.@.....#..........
#h#.........##....#
#.#.....###.##....#
#.#.###.# #..+....#
#.#.....# ####...##
..####### #...# ##
#####


You could see a black bear (berserk).

Vanquished Creatures
  2 dart slugs (D:1)
  4 bats
  2 endoplasms
  6 goblins
  2 hobgoblins (D:1)
  4 jackals (D:2)
  4 kobolds
  4 ball pythons (D:1)
  2 frilled lizards (D:1)
  A rat (D:1)
31 creatures vanquished.

Vanquished Creatures (others)
  A plant (D:2)
1 creature vanquished.

Grand Total: 32 creatures vanquished

Notes
Turn   | Place    | Note
-------+----------+-------------------------------------------
     0 | D:1      | fragbeetle the Minotaur Hunter began the quest for the Orb.
     0 | D:1      | Reached XP level 1. HP: 18/18 MP: 0/0
    98 | D:1      | Reached skill level 5 in Bows
    98 | D:1      | Reached XP level 2. HP: 25/25 MP: 1/1
   140 | D:1      | Found a faded altar of an unknown god.
   849 | D:2      | Reached XP level 3. HP: 30/30 MP: 2/2
   920 | D:2      | Noticed Sigmund
  1043 | D:3      | Noticed a black bear
  1052 | D:3      | Slain by a black bear

Illustrated notes

Levels and vault maps discovered:
D:1:      lemuel_arrival_room, layout_basic, shapermc_ecumenical_altar_petra
D:2:      layout_basic, basic_altar, serial_shops, shop_scrolls,
          kennysheep_decorative_pillar, chequers_big_river, uniq_sigmund
D:3:      layout_basic, lemuel_tele_altar, uniq_terence

Skill      XL: |  1 |
---------------+----+-----
Bows           | 5 |  5.7
Fighting       | |  2.4
Dodging        | |  2.1
Stealth        | |  0.7

Action                   || total
-------------------------++-------
 Fire: Shortbow          ||    86
Armor: Leather armour    ||    13
Dodge: Dodged            ||    31

Table legend: (Time is in decaauts)
 A = Elapsed time spent in this place.
 B = Non-inter-level travel time spent in this place.
 C = Inter-level travel time spent in this place.
 D = Time resting spent in this place.
 E = Time spent auto-exploring this place.
 F = Levels seen in this place.
 G = Mean time per level.
                   A        B        C        D        E       F      G
               +--------+--------+--------+--------+--------+-----+--------+
         Total |   1076 |   1022 |     54 |      0 |    792 |   3 |  358.7 |
       Dungeon |   1076 |   1022 |     54 |      0 |    792 |   3 |  358.7 |
               +--------+--------+--------+--------+--------+-----+--------+

Top non-repeatable levels by time:
     D:1: 722 daAuts
     D:2: 263 daAuts
     D:3: 90 daAuts
